 Dungeon Crawl Stone Soup version 0.17.1-3-g152610e (webtiles) character file.

176 ereals the Distorting Demonspawn (level 5, -3/41 HPs)
             Began as a Demonspawn Abyssal Knight on Feb 19, 2016.
             Was a Believer of Lugonu.
             Killed from afar by Blunderbuss's ghost (11 damage)
             ... with a puff of frost
             ... on level 4 of the Dungeon.
             The game lasted 00:15:25 (3563 turns).

ereals the Distorting Demonspawn (DsAK)             Turns: 3563, Time: 00:15:25

Health: -3/41      AC:  7    Str: 13      XL:     5   Next: 30%
Magic:  7/7        EV: 11    Int: 13      God:    Lugonu [**....]
Gold:   179        SH:  0    Dex: 10 (13) Spells: 0 memorised, 4 levels left

rFire  + . .     SeeInvis .     f - +2 dagger (vamp)
rCold  . . .     Clarity  .     b - +1 leather armour
rNeg   . . .     SustAt   .     (no shield)
rPois  .         Gourm    .     (no helmet)
rElec  .         Spirit   .     n - +0 cloak
rCorr  .         Warding  .     (no gloves)
rMut   .         Stasis   .     (no boots)
MR     .....                    (no amulet)
Stlth  +.........               (no ring)
                                (no ring)

@: not resistant to hostile enchantments, very unstealthy
A: claws 1, yellow scales 1, fire resistance 1, spiny 1
a: Depart the Abyss, Bend Space, Renounce Religion


You were on level 4 of the Dungeon.
You worshipped Lugonu.
Lugonu was pleased with you.
You were near starving.

You visited 2 branches of the dungeon, and saw 5 of its levels.
You visited the Abyss 1 time.

You collected 179 gold pieces.

Inventory:

Hand Weapons
 a - a +1 short sword
 f - a +2 vampiric dagger (weapon)
Missiles
 d - 67 stones (quivered)
Armour
 b - a +1 leather armour (worn)
 n - a +0 cloak (worn)
Scrolls
 e - 2 scrolls of teleportation
 g - a scroll of enchant armour
 q - a scroll of identify
Potions
 h - a potion of agility
 j - a potion of invisibility
 k - 3 potions of curing
 l - a potion of experience {unknown}
 m - a potion of magic
Comestibles
 c - a slice of pizza
 i - 2 bread rations
 o - 4 fruits


   Skills:
 - Level 3.0 Fighting
 - Level 3.5 Short Blades
 - Level 1.7 Armour
 - Level 0.8 Dodging
 + Level 2.7 Unarmed Combat
 - Level 3.6 Invocations


You had 4 spell levels left.
You didn't know any spells.

Dungeon Overview and Level Annotations

Branches:
Dungeon (4/15)             Temple (1/1) D:4

Altars:
Cheibriados
Dithmenos
Ru
The Shining One

Annotations:
D:3 Grinder
D:4 Blunderbuss's ghost, amateur MfIE


Innate Abilities, Weirdness & Mutations

You have sharp fingernails.
You are partially covered in yellow scales (AC +2).
Your flesh is heat resistant.
You are partially covered in sharp spines.


Message History

Blunderbuss's ghost ripples.
Blunderbuss's ghost points at you and mumbles some strange words.
The puff of frost hits you!
* * * LOW HITPOINT WARNING * * *
There is a stone staircase leading up here.
You climb upwards.
Grinder shouts!
Grinder gestures at you. You resist with significant effort.
Found a scroll of identify.
There is a stone staircase leading down here.
Press: ? - help, v - describe, . - travel
Here: Grinder The floor.
You climb downwards.
Level annotation: Blunderbuss's ghost, amateur MfIE
There is a stone staircase leading up here.
Blunderbuss's ghost points at you and mumbles some strange words.
The puff of frost hits you!
You die...

# ##### #
#...####### #
###.......@.# # #
##.#...#####<# ###
### ##...#.######.#
#..
..###..........##.#
#.#
#..........###.##.##
#.# #######.####
#.##..# ##.# # #.#
#.###W# ##... #
#.######.# #.#
##.W.. ##........#
#.# #.....


You could see Blunderbuss's ghost.

Vanquished Creatures
  Jessica (D:3)
  Natasha (thrice) (D:3)
  3 gnolls (D:3)
  2 adders
  An ooze (D:3)
  3 worms
  A giant gecko (D:1)
  4 orcs (D:4)
  3 bats (D:2)
  2 giant cockroaches
  5 goblins
  7 hobgoblins
  A ball python (D:1)
  5 giant newts
  9 kobolds
  7 rats
57 creatures vanquished.

Notes
Turn   | Place    | Note
--------------------------------------------------------------
     0 | Abyss:1  | ereals the Demonspawn Abyssal Knight began the quest for the Orb.
     0 | Abyss:1  | Reached XP level 1. HP: 18/18 MP: 2/2
    12 | D:1      | Escaped the Abyss
   379 | D:1      | Gained mutation: You are partially covered in yellow scales (AC +2). [demonic ancestry]
   379 | D:1      | Reached XP level 2. HP: 24/24 MP: 4/4
   980 | D:2      | Found a sacrificial altar of Ru.
  1056 | D:2      | Reached ** piety under Lugonu
  1145 | D:2      | Found a shadowy altar of Dithmenos.
  1666 | D:2      | Gained mutation: You are partially covered in sharp spines. [demonic ancestry]
  1666 | D:2      | Reached XP level 3. HP: 25/29 MP: 5/5
  2154 | D:3      | Noticed Jessica
  2159 | D:3      | Killed Jessica
  2159 | D:3      | Gained mutation: You have sharp fingernails. [demonic ancestry]
  2159 | D:3      | Reached XP level 4. HP: 35/35 MP: 6/6
  2171 | D:3      | Found a snail-covered altar of Cheibriados.
  2191 | D:3      | Reached skill level 1 in Unarmed Combat
  2418 | D:3      | Found a glowing golden altar of the Shining One.
  2458 | D:3      | Noticed Natasha
  2469 | D:3      | Killed Natasha
  2469 | D:3      | Gained mutation: Your flesh is heat resistant. [demonic ancestry]
  2469 | D:3      | Reached XP level 5. HP: 33/41 MP: 7/7
  2521 | D:3      | Noticed Natasha
  2530 | D:3      | Killed Natasha
  2632 | D:3      | Noticed Natasha
  2638 | D:3      | Killed Natasha
  2988 | D:4      | Found a staircase to the Ecumenical Temple.
  2990 | D:4      | Noticed Blunderbuss's ghost (amateur MfIE)
  3014 | Temple   | Entered the Ecumenical Temple
  3560 | D:3      | Noticed Grinder
  3563 | D:4      | Killed from afar by Blunderbuss's ghost

Action                   |  1- 3 |  4- 6 || total
-------------------------+-------+-------++-------
Melee: Short sword       |    40 |       ||    40
       Dagger            |    86 |    82 ||   168
Throw: Stone             |       |     4 ||     4
  Use: Potion            |     9 |     1 ||    10
       Scroll            |     2 |     1 ||     3
  Eat: Chunk             |     4 |     3 ||     7
       Bread ration      |     1 |       ||     1
